 Dungeon Crawl Stone Soup version 0.29.1-12-g30fa7ad0bf (webtiles) character file.

Game seed: 10906571030444910563

17 FexLirch the Shield-Bearer (level 3, -2/31 HPs)
             Began as a Meteoran Fighter on Dec 24, 2022.
             Was a Follower of Kikubaaqudgha.
             Slain by an orc priest
             ... wielding a +0 hand axe
              (5 damage)
             ... on level 3 of the Dungeon.
             The game lasted 00:01:52 (389 turns).

FexLirch the Shield-Bearer (Meteoran Fighter)        Turns: 389, Time: 00:01:53

Health: -2/31      AC:  8    Str: 18    XL:     3   Next: 2%
Magic:  4/4        EV:  9    Int: 11    God:    Kikubaaqudgha [*.....]
Gold:   50         SH:  5    Dex: 13    Spells: 1/2 levels left

rFire   . . .      SeeInvis .   a - +0 flail
rCold   . . .      Faith    .   c - +0 buckler
rNeg    . . .      Spirit   .   b - +0 scale mail
rPois   .          Reflect  .   (no helmet)
rElec   .          Harm     .   (no cloak)
rCorr   .          Rampage  .   f - +0 pair of gloves
Will    .....                   (no boots)
Stlth   ..........              (no amulet)
HPRegen 0.10/turn               (no ring)
MPRegen 0.09/turn               (no ring)

@: glowing
A: sense surroundings 1, otherworldly, glowing, explore regen
a: Renounce Religion, Unearth Wretches


You were on level 3 of the Dungeon.
You worshipped Kikubaaqudgha.
Kikubaaqudgha was aware of your devotion.
You visited 1 branch of the dungeon, and saw 3 of its levels.

You collected 50 gold pieces.

Inventory:

Hand Weapons
 a - a +0 flail (weapon)
Armour
 b - a +0 scale mail (worn)
 c - a +0 buckler (worn)
 f - a +0 pair of gloves (worn)
Scrolls
 g - a scroll of fog {unknown}
 h - a scroll of amnesia {unknown}
 i - a scroll of enchant weapon {unknown}
 j - 3 scrolls of enchant armour {unknown}
 n - a scroll of immolation {unknown}
Potions
 d - a potion of might
 e - 2 potions of attraction {unknown}
 k - a potion of invisibility {unknown}
 l - a potion of magic {unknown}
 m - 2 potions of lignification {unknown}


   Skills:
 + Level 3.5 Fighting
 * Level 3.5 Maces & Flails
 - Level 3.6 Armour
 + Level 3.9 Shields
 + Level 0.3 Necromancy


You had one spell level left.
You knew the following spells:

 Your Spells              Type           Power      Damage    Failure   Level
a - Necrotise             Necr           0%         1d4       77%         1

Your spell library contained the following spells:

 Spells                   Type           Power      Damage    Failure   Level
 Vampiric Draining        Necr           0%         2d6       98%         3
 Anguish                  Hex/Necr       0%         N/A       100%        4
 Animate Dead             Necr           0%         N/A       100%        4


Dungeon Overview and Level Annotations

Branches:
Dungeon (3/15) Zot: 1388

Altars:
Kikubaaqudgha


Innate Abilities, Weirdness & Mutations

You passively map a small area around you.
You are easily found by Zot.
You glow in the dark.
You regain HP and MP as you explore.


Message History

Found 9 stones.
The orc shouts!
The goblin shouts!
You hear a shout!
An orc comes into view. It is wielding a +0 flail.
You hear a shout! x2 2 orcs come into view.
The orc shouts! x2
The orc priest mumbles some strange prayers to Beogh against you.
Beogh smites you!
You hit the orc priest.
The orc priest is lightly wounded.
The orc priest hits you but does no damage.
You sock the orc priest!
The orc priest is heavily wounded.
The orc priest calls down the wrath of Beogh upon you.
Beogh smites you!
* * * LOW HITPOINT WARNING * * *
You hit the orc priest.
The orc priest is severely wounded.
The giant cockroach barely misses you. You block the giant cockroach's attack.
You barely miss the orc.
An adder comes into view.
The giant cockroach waves its antennae.
The giant cockroach bites you but does no damage.
You closely miss the orc priest.
The orc priest is severely wounded.
The adder hisses angrily.
The giant cockroach bites you but does no damage.
The orc hits you with a +0 flail.
* * * LOW HITPOINT WARNING * * *
The orc priest hits you with a +0 hand axe.
* * * LOW HITPOINT WARNING * * *
The giant cockroach barely misses you.
Okay, then.
Unknown command.
You closely miss the orc priest.
The orc priest is severely wounded.
You block the orc's attack.
The orc priest hits you with a +0 hand axe.
You die...
Kikubaaqudgha rasps: "You have failed me!
Welcome... death!"

** , ,,* * , ..(. ,
,...., , #### * * *
#..#* #... , # #S.#
#####.## , #.#..#
#....... ..g#
#.###<## ,
...####B#########.#
###
..[.ooo@..........#
....o##o#########.#
, #.. #.# ### * * ,
,. * #.# , #.# ,
,..# * , * ### *


You could see an orc priest, an adder, 4 orcs, a giant cockroach and a goblin.

Vanquished Creatures
  An endoplasm (D:2)
  A giant cockroach (D:1)
  2 hobgoblins (D:1)
  4 kobolds
  A quokka (D:1)
  2 ball pythons
  4 bats
  A rat (D:1)
16 creatures vanquished.

Notes
Turn   | Place    | Note
-------+----------+-------------------------------------------
     0 | D:1      | FexLirch the Meteoran Fighter began the quest for the Orb.
     0 | D:1      | Reached XP level 1. HP: 19/19 MP: 2/2
    83 | D:1      | Reached XP level 2. HP: 15/26 MP: 3/3
   104 | D:1      | Found a faded altar of an unknown god.
   162 | D:1      | Prayed at the altar of an unknown god.
   162 | D:1      | Became a worshipper of Kikubaaqudgha
   162 | D:1      | Reached * piety under Kikubaaqudgha
   162 | D:1      | Received a gift from Kikubaaqudgha
   165 | D:1      | Learned a level 1 spell: Necrotise
   350 | D:2      | Reached XP level 3. HP: 21/31 MP: 4/4
   389 | D:3      | Slain by an orc priest

Illustrated notes

Levels and vault maps discovered:
D:1:      dpeg_arrival_ratfight, layout_rooms, ebering_ecumenical_altar_box,
          minmay_misc_feat_plants, due_unseen_surprise
D:2:      layout_loops_ring, grunt_decor_one_mirror, uniq_crazy_yiuf_cottage
D:3:      layout_basic, dancing_weapons_uskayaw, fedhas_altar_3

Skill      XL: |  1 |
---------------+----+-----
Maces & Flails | 3 |  3.5
Fighting       | |  3.5
Armour         | |  3.6
Shields        | |  3.9
Necromancy     | |  0.3

Action                   || total
-------------------------++-------
Melee: Flail             ||    74
Armor: Scale mail        ||    58
Dodge: Dodged            ||    31
Block: Buckler           ||    21
